 Dungeon Crawl Stone Soup version 0.29-a0-582-ge82337ba6a (webtiles) character file.

Game seed: 4565777180698569074

60 xian the Skirmisher (level 3, -9/31 HPs)
             Began as a Draconian Fighter on June 15, 2022.
             Killed by nerve-wracking pain
             ... invoked by Grinder
              (14 damage)
             ... on level 3 of the Dungeon.
             The game lasted 00:05:04 (3079 turns).

xian the Skirmisher (Draconian Fighter)             Turns: 3079, Time: 00:05:05

Health: -9/31      AC:  7    Str: 20    XL:     3   Next: 82%
Magic:  3/3        EV: 12    Int:  8    God:
Gold:   82         SH:  4    Dex: 10    Spells: 2/2 levels left

rFire   . . .      SeeInvis .   a - +0 long sword
rCold   + . .      Faith    .   b - +0 buckler
rNeg    . . .      Spirit   .   (body armour unavailable)
rPois   .          Reflect  .   (helmet restricted)
rElec   +          Harm     .   (no cloak)
rCorr   .          Rampage  .   (no gloves)
Will    .....                   h - +1 pair of boots "Feg Wizu" {rElec rC+}
Stlth   +.........              (no amulet)
HPRegen 0.10/turn               (no ring)
MPRegen 0.08/turn               (no ring)

@: mighty
A: AC +5, unfitting armour, cold-blooded
a: no special abilities


You were on level 3 of the Dungeon.
You visited 1 branch of the dungeon, and saw 3 of its levels.

You collected 147 gold pieces.
You spent 65 gold pieces at shops.

Inventory:

Hand Weapons
 a - a +0 long sword (weapon)
Missiles
 k - 2 poisoned darts (quivered)
Armour
 b - a +0 buckler (worn)
 h - the +1 pair of boots "Feg Wizu" (worn) {rElec rC+}
   (You found it on level 2 of the Dungeon)

   rC:        It protects you from cold.
   rElec:     It insulates you from electricity.
Scrolls
 d - 2 scrolls of teleportation
 l - a scroll of silence
Potions
 e - 2 potions of invisibility
 f - a potion of haste
 g - a potion of heal wounds
 i - a potion of lignification {unknown}
 j - a potion of mutation {unknown}


   Skills:
 + Level 3.6 Fighting
 + Level 2.9 Long Blades
 + Level 3.1 Dodging
 + Level 0.3 Stealth
 + Level 3.5 Shields


You had 2 spell levels left.
You didn't know any spells.
Your spell library contained the following spells:

 Spells                   Type           Power      Damage    Failure   Level
 Anguish                  Hex/Necr       0%         N/A       99%         4
 Enfeeble                 Hex            0%         N/A       100%        7


Dungeon Overview and Level Annotations

Branches:
Dungeon (3/15)

Altars:
Okawaru
Qazlal
Vehumet
Xom

Shops:
D:3 !

Annotations:
D:3 Grinder


Innate Abilities, Weirdness & Mutations

Your plain brown scales are hard. (AC +5)
You cannot fit into any form of body armour.
You are cold-blooded and may be slowed by cold attacks.


Message History

Grinder hits you but does no damage.
You closely miss Grinder.
Grinder is lightly wounded.
Grinder hits you!
You closely miss Grinder.
Grinder is lightly wounded.
Grinder gestures at you. Pain shoots through your body!
Grinder blinks!
Grinder says, "FISH!"
Grinder gestures at you.
You suddenly lose the ability to move!
Grinder hits you.
* * * LOW HITPOINT WARNING * * *
You writhe in agony.
* * * LOW HITPOINT WARNING * * *
Grinder blinks!
You can move again.
Grinder gestures at you.
You shrug off the repeated paralysis!
You feel much better.
You slash Grinder!
Grinder is heavily wounded.
Grinder gestures at you. Pain shoots through your body!
You hit Grinder. You tail-slap Grinder!
Grinder is almost dead.
Grinder gestures at you.
You suddenly lose the ability to move!
Grinder hits you.
You writhe in agony.
Grinder blinks!
You can move again.
Grinder hits you.
* * * LOW HITPOINT WARNING * * *
You writhe in agony.
* * * LOW HITPOINT WARNING * * *
You closely miss Grinder.
Grinder is almost dead.
Grinder gestures at you. Pain shoots through your body!
You die...

#.#.####.# #.#.# #.#
######### #.#.####.#####
#.......###.#...........
#............###.#####
#.###.###....###.# #.#
#.....##.# #.#
#........# #@#
###.########## #5# #.#
#.... #.# #.# #.### ..#
##+## #.# # ### ##...##
#.### ##.....## #.#..
##.......###....
#.........####..
+.....†...'.....


You could see Grinder.

Vanquished Creatures
  2 adders
  3 bats
  4 endoplasms
  4 giant cockroaches (D:2)
  4 goblins
  4 hobgoblins
  2 jackals (D:3)
  7 kobolds
  2 quokkas (D:2)
  2 ball pythons
  2 frilled lizards (D:2)
  3 rats
39 creatures vanquished.

Notes
Turn   | Place    | Note
-------+----------+-------------------------------------------
     0 | D:1      | xian the Draconian Fighter began the quest for the Orb.
     0 | D:1      | Reached XP level 1. HP: 19/19 MP: 1/1
   880 | D:1      | Reached XP level 2. HP: 26/26 MP: 2/2
   895 | D:1      | Found a faded altar of an unknown god.
   997 | D:2      | Found a radiant altar of Vehumet.
  1117 | D:2      | Identified the +1 pair of boots "Feg Wizu" {rElec rC+}
  1368 | D:2      | Reached XP level 3. HP: 15/31 MP: 3/3
  2127 | D:3      | Found a stormy altar of Qazlal.
  2139 | D:3      | Found a shimmering altar of Xom.
  2140 | D:3      | Found an iron altar of Okawaru.
  2502 | D:3      | Found Ugadiy's Distillery.
  2511 | D:3      | Bought a potion of heal wounds for 65 gold pieces
  3052 | D:3      | Noticed Grinder
  3066 | D:3      | Paralysed by Grinder for 5 turns
  3074 | D:3      | Paralysed by Grinder for 4 turns
  3079 | D:3      | Killed from afar by Grinder

Illustrated notes

Levels and vault maps discovered:
D:1:      elethiomel_arrival_shortcut, layout_basic,
          ebering_ecumenical_altar_sacrificial
D:2:      wad_river_or_something, layout_basic, basic_altar
D:3:      layout_loops_corners, chequers_temple_overflow_statue_of_worship,
          serial_shops, shop_statue, uniq_grinder

Skill      XL: |  1  2 |
---------------+-------+-----
Dodging        | 3 |  3.1
Fighting       | |  3.6
Long Blades    | |  2.9
Stealth        | |  0.3
Shields        | |  3.5

Action                   || total
-------------------------++-------
Melee: Long sword        ||   158
       Tailslap          ||    17
  Use: Scroll            ||     4
       Potion            ||     2
Armor: Skin              ||    73
Dodge: Dodged            ||   122
Block: Buckler           ||    47

Table legend: (Time is in decaauts)
 A = Elapsed time spent in this place.
 B = Non-inter-level travel time spent in this place.
 C = Inter-level travel time spent in this place.
 D = Time resting spent in this place.
 E = Time spent auto-exploring this place.
 F = Levels seen in this place.
 G = Mean time per level.
                   A        B        C        D        E       F      G
               +--------+--------+--------+--------+--------+-----+--------+
         Total |   3133 |   3050 |     83 |      0 |   2460 |   3 | 1044.3 |
       Dungeon |   3133 |   3050 |     83 |      0 |   2460 |   3 | 1044.3 |
               +--------+--------+--------+--------+--------+-----+--------+

Top non-repeatable levels by time:
     D:2: 1125 daAuts
     D:3: 1037 daAuts
     D:1: 971 daAuts
